 Dungeon Crawl Stone Soup version 0.27.1-3-gb3d3a73c9e (webtiles) character file.

Game seed: 17112382607747775202

5 jakegamer the Grave Robber (level 1, -2/13 HPs)
             Began as a Vampire Necromancer on Oct 22, 2021.
             Was a Follower of Qazlal.
             Slain by a hobgoblin (5 damage)
             ... on level 1 of the Dungeon.
             The game lasted 00:02:24 (460 turns).

jakegamer the Grave Robber (Vampire Necromancer)     Turns: 460, Time: 00:02:24

Health: -2/13      AC:  2    Str:  7    XL:     1   Next: 66%
Magic:  3/3        EV: 12    Int: 17    God:    Qazlal [*.....]
Gold:   44         SH:  1    Dex: 14    Spells: 3/4 levels left

rFire    . . .     SeeInvis +   (no weapon)
rCold    . . .     Faith    .   (no shield)
rNeg     . . .     Spirit   .   a - +0 robe
rPois    .         Reflect  .   (no helmet)
rElec    .         Harm     .   (no cloak)
rCorr    .         Rampage  .   (no gloves)
Will     .....                  (no boots)
Stlth    ++........             (no amulet)
HPRegen  0.24/turn              (no ring)
MPRegen  0.08/turn              (no ring)

@: healing quickly
A: alive, fangs 3, see invisible, vampiric 1
a: Exsanguinate, Renounce Religion


You were on level 1 of the Dungeon.
You worshipped Qazlal.
Qazlal was aware of your devotion.
You visited 1 branch of the dungeon, and saw 1 of its levels.

You collected 44 gold pieces.

Inventory:

Armour
 a - a +0 robe (worn)
Potions
 d - a potion of curing


   Skills:
 + Level 2.2 Dodging
 + Level 3.2 Stealth
 + Level 2.0 Spellcasting
 + Level 4.6 Necromancy


You had 3 spell levels left.
You knew the following spells:

 Your Spells              Type           Power      Damage    Failure   Level
a - Pain                  Necr           68%        1d7       3%          1

Your spell library contained the following spells:

 Spells                   Type           Power      Damage    Failure   Level
 Animate Skeleton         Necr           34%        N/A       3%          1
 Vampiric Draining        Necr           8%         2d7       9%          3
 Animate Dead             Necr           8%         N/A       28%         4
 Agony                    Necr           17%        N/A       63%         5


Dungeon Overview and Level Annotations

Branches:
Dungeon (1/15)

Altars:
Qazlal


Innate Abilities, Weirdness & Mutations

Your natural rate of healing is accelerated.
You have razor-sharp teeth.
You have supernaturally acute eyesight. (SInv)
You are afflicted with vampirism.


Message History

The goblin hits you with a +0 dagger.
You hit the goblin. You bite the goblin, but do no damage.
The goblin is severely wounded.
The goblin closely misses you.
You barely miss the goblin.
The goblin is severely wounded.
The goblin closely misses you.
You barely miss the goblin.
The goblin is severely wounded.
The goblin hits you with a +0 dagger.
You barely miss the goblin.
The goblin is severely wounded.
The goblin hits you with a +0 dagger.
You closely miss the goblin.
The goblin is severely wounded.
The goblin hits you with a +0 dagger.
You hit the goblin.
You kill the goblin!
Qazlal accepts your kill.
You see here a +0 dagger.
You see here a +0 short sword.
Found a scroll labelled VIPRAPLOUX.
b - a scroll labelled VIPRAPLOUX
As you read the scroll labelled VIPRAPLOUX, it crumbles to dust.
You assume a fearsome visage.
Nothing appears to happen.
It was a scroll of fear.
A hobgoblin comes into view.
A hobgoblin comes into view.
The hobgoblin shouts!
The hobgoblin shouts!
You closely miss the hobgoblin. The hobgoblin misses you.
The hobgoblin hits you.
You barely miss the hobgoblin. The hobgoblin hits you. x2
You closely miss the hobgoblin.
You bite the hobgoblin, but do no damage.
The hobgoblin hits you. x2
* * * LOW HITPOINT WARNING * * *
You barely miss the hobgoblin. The hobgoblin closely misses you.
The hobgoblin hits you.
You die...

.# #.# #.# #......### .# #.# #.#
#.# #......# .# #.###.##### #.#
#......# .# #.........# #.#
######.# .# #........$# #.# #.#
.# #..)......# #.# #.# .#
#.........# #.# #. .# #.........#
#g# ####### .#
#.........###@######.....
.###.........#...g....#....
.............#.#.####.#...#######
.............#.#.# #.#...#.#.#..
......#####..#.#.# #.#.....#...#
......######.#.#.####.#...#...#.#
......##.......#......'...#...#.#
...#'###.####..#.####.#.....#...#
...#.# #.# #..#.# #.#####.#.#..


You could see 2 hobgoblins.

Vanquished Creatures
  A dart slug (D:1)
  2 goblins (D:1)
3 creatures vanquished.

Notes
Turn   | Place    | Note
-------+----------+-------------------------------------------
     0 | D:1      | jakegamer the Vampire Necromancer began the quest for the
                  | Orb.
     0 | D:1      | Reached XP level 1. HP: 13/13 MP: 3/3
   179 | D:1      | Found a faded altar of an unknown god.
   181 | D:1      | Became a worshipper of Qazlal Stormbringer
   181 | D:1      | Reached * piety under Qazlal
   460 | D:1      | Slain by a hobgoblin

Illustrated notes

Levels and vault maps discovered:
D:1:      dpeg_arrival_boxes_within_box, layout_basic,
          chequers_ecumenical_altar_twisty, minmay_misc_feat_alley

Action                   || total
-------------------------++-------
Melee: Unarmed           ||    20
       Bite              ||     6
  Use: Scroll            ||     3
       Potion            ||     1
Armor: Robe              ||     2
Dodge: Dodged            ||    14
